 Dungeon Crawl Stone Soup version 0.16-a0-3884-g0a5f664 (webtiles) character file.

212 Econoterrorist the Insei (level 5, -3/33 HPs)
             Began as an Octopode Transmuter on Feb 2, 2015.
             Slain by mrokjakchuj's ghost (15 damage)
             ... on level 4 of the Dungeon.
             The game lasted 00:09:07 (3604 turns).

Econoterrorist the Insei (Octopode Transmuter)      Turns: 3604, Time: 00:09:07

Health: -3/33      AC:  1    Str: 10    XL:     5   Next: 90%
Magic:  9/9        EV: 12    Int: 16    God:
Gold:   238        SH:  0    Dex: 12    Spells: 2 memorised, 4 levels left

rFire  . . .     SeeInvis .       - Unarmed
rCold  . . .     Clarity  .     (no shield)
rNeg   . . .     SustAb   .     (helmet restricted)
rPois  .         Gourm    .     s - amulet of regeneration
rElec  .         Spirit   .     x - ring of invisibility
rCorr  .         Warding  .     (no ring)
rMut   .         Stasis   .     (no ring)
MR     .....                    (no ring)
Stlth  ++........               (no ring)
                                (no ring)
                                (no ring)
                                (no ring)

@: appendage (expiring), not resistant to hostile enchantments, unstealthy
A: almost no armour, amphibious, 8 rings, constrict 8, tentacle spike 3,
camouflage 1, gelatinous body 1
a: End Transformation, Evoke Invisibility


You were on level 4 of the Dungeon.
You were hungry.
One of your tentacles had a temporary spike.
You visited 1 branch of the dungeon, and saw 4 of its levels.

You collected 238 gold pieces.

Inventory:

Missiles
 b - 37 arrows
 p - 15 arrows of flame
Jewellery
 h - an uncursed amulet of warding
 s - an amulet of regeneration (around mantle)
 x - a ring of invisibility (left tentacle)
Magical devices
 v - a wand of polymorph (8)
 y - a wand of paralysis (8)
Scrolls
 c - 3 scrolls of immolation {unknown}
 e - 3 scrolls of identify {unknown}
 f - 2 scrolls of noise {unknown}
 i - 2 scrolls of random uselessness {unknown}
 j - a scroll of blinking {unknown}
 k - a scroll of enchant armour {unknown}
 m - a scroll of remove curse {unknown}
 q - a scroll of fear {unknown}
 r - a scroll of teleportation {unknown}
Potions
 l - a potion of lignification {unknown}
 n - 2 potions of curing {unknown}
 o - a potion of cancellation {unknown}
 t - 3 potions of degeneration {unknown}
 z - a potion of agility {unknown}
 A - 2 potions of heal wounds {unknown}
Books
 d - a book of Changes

   Spells                             Type                      Level
   a - Beastly Appendage              Transmutation                1
   b - Sticks to Snakes               Transmutation                2
   c - Spider Form                    Transmutation/Poison         3
   d - Ice Form                       Ice/Transmutation            4
   e - Blade Hands                    Transmutation                5
 w - an Akashic Record {highlevel, unknown}

   This book is beyond your current level of understanding.

   Spells                             Type                      Level
   a - Dispersal                      Translocation                6
   b - Controlled Blink               Translocation                7
   c - Malign Gateway                 Summoning/Translocation      7
   d - Disjunction                    Translocation                8
   e - Singularity                    Translocation                9
Comestibles
 a - 2 bread rations
 g - 4 meat rations
 u - 4 fruits


   Skills:
 - Level 1.0 Fighting
 - Level 2.0 Dodging
 - Level 6.0 Unarmed Combat
 - Level 2.0 Spellcasting
 + Level 2.4 Transmutations
 + Level 1.6 Poison Magic


You had 4 spell levels left.
You knew the following spells:

 Your Spells              Type           Power        Failure   Level  Hunger
a - Beastly Appendage     Trmt           #.....       10%         1    #......
b - Spider Form           Trmt/Pois      #.........   28%         3    ###....


Dungeon Overview and Level Annotations

Branches:
Dungeon (4/15)
 Temple: D:4-7

Altars:
Makhleb
Nemelex Xobeh
Ru
Vehumet

Annotations:
D:4 mrokjakchuj's ghost, average HEFi


Innate Abilities, Weirdness & Mutations

You cannot wear most types of armour.
You are amphibious.
You can wear up to eight rings at the same time.
You can use your tentacles to constrict many enemies at once.
Your skin changes colour to match your surroundings (Stealth).
Your rubbery body absorbs attacks (AC +1).
One of your tentacles bears a large vicious spike.


Message History

You closely miss the worker ant. Your grab misses the worker ant.
Your tentacle spike misses the worker ant.
The worker ant is almost dead.
The worker ant bites you!
You tentacle-slap the worker ant but do no damage.
Your grab misses the worker ant.
The worker ant is almost dead.
The worker ant bites you.
You closely miss the worker ant. Your grab misses the worker ant.
The worker ant is almost dead.
The worker ant closely misses you.
You barely miss the worker ant. Your grab misses the worker ant.
The worker ant is almost dead.
The worker ant misses you.
You bludgeon the worker ant!
You kill the worker ant!
There is an escape hatch in the ceiling here.
Your transformation is almost over.
Mrokjakchuj's ghost hits you!
You die...

.........[ ###
#.......... #..
#.......... #.#
#.##...$...... #.#
#..............
#.# ######.#......
#.# #†# ### #.#
#W# #.#
#@##############.#
#................#
##################
........<.....
##..........##
...........'.
#...........##
#...........#.
#.#########...


You could see mrokjakchuj's ghost.

Vanquished Creatures
  An ogre (D:3)
  A worker ant (D:4)
  3 adders
  2 giant geckos
  An ooze (D:3)
  10 bats
  3 giant cockroaches
  8 hobgoblins
  6 jackals
  3 quokkas
  4 giant newts
  3 goblins
  8 kobolds
  6 rats
59 creatures vanquished.

Notes
Turn   | Place    | Note
--------------------------------------------------------------
     0 | D:1      | Econoterrorist, the Octopode Transmuter, began the quest for the Orb.
     0 | D:1      | Reached XP level 1. HP: 13/13 MP: 3/3
   103 | D:1      | Found a sparkling altar of Nemelex Xobeh.
   165 | D:1      | Reached XP level 2. HP: 12/18 MP: 2/4
   483 | D:1      | Reached skill level 4 in Unarmed Combat
   576 | D:1      | Reached XP level 3. HP: 23/23 MP: 6/6
   581 | D:1      | Learned a level 3 spell: Spider Form
  1592 | D:2      | Reached XP level 4. HP: 17/28 MP: 7/7
  2044 | D:2      | Found a sacrificial altar of Ru.
  2212 | D:2      | Found a burning altar of Makhleb.
  2215 | D:2      | Found a radiant altar of Vehumet.
  2275 | D:3      | Noticed an ogre
  2362 | D:3      | Killed an ogre
  2362 | D:3      | Reached skill level 5 in Unarmed Combat
  2362 | D:3      | Reached XP level 5. HP: 16/33 MP: 7/9
  2581 | D:3      | Reached skill level 6 in Unarmed Combat
  3257 | D:4      | Reached skill level 1 in Poison Magic
  3591 | D:4      | Noticed mrokjakchuj's ghost (average HEFi)
  3604 | D:4      | Slain by mrokjakchuj's ghost

Action                   |  1- 3 |  4- 6 || total
-------------------------+-------+-------++-------
Melee: Unarmed           |    75 |    55 ||   130
 Cast: Beastly Appendage |    11 |     5 ||    16
       Spider Form       |       |     1 ||     1
 Stab: Sleeping          |     3 |     1 ||     4
  Eat: Chunk             |     2 |     5 ||     7
       Beef jerky        |       |     1 ||     1
